AoeStats
← Khirs

Black Forest

505492638Analyzed
4v4 RM · 22d ago on Sep 9, 2026· 90m 13s· 8 players
Game mode
Random Map
Map size
Large (8 player)
Population
200
Speed
Normal
Resources
Standard
Victory
Conquest
Starting age
Dark Age
Ending age
Imperial Age
RankedLock teamsTeams togetherTeam positionsShared explorationLock speedFull tech treeHidden civsTurbo modeCheats
Victory
Defeat
🇵🇱 Poles · Poland
794
+34
🇬🇷 Franks · Greece
781
+14
🇮🇹 Saracens · Italy
770
+15
🇹🇷 Hindustanis · Türkiye
760
+15
🇪🇸 Chinese · Spain
861
-20
🇨🇭 Bulgarians · Switzerland
750
-15
🇨🇭 Wu · Switzerland
680
-12
🇫🇷 Franks · France
662
-11
filippo.nunnari
0:42 Loom
14:10 Feudal Age
14:43 Double-Bit Axe
14:40 Horse Collar
15:15 Town Watch
16:12 Wheelbarrow
17:35 Gold Mining
17:35 Stone Mining
24:23 Castle Age
25:34 Bow Saw
26:03 Gold Shaft Mining
25:30 Heavy Plow
25:42 Caravan
27:16 Coinage
32:09 Hand Cart
32:07 Bloodlines
31:58 Husbandry
32:35 Ballistics
32:11 Murder Holes
33:00 Bimaristan
33:33 Fortified Wall
36:02 Forging
35:58 Scale Barding Armor
39:26 Imperial Age
38:29 Town Patrol
42:21 Iron Casting
42:06 Chain Barding Armor
41:12 Heavy Camel Rider
42:25 Conscription
44:04 Elite Mameluke
44:57 Counterweights
46:16 Plate Barding Armor
46:24 Thumb Ring
45:41 Elite Skirmisher
47:30 Blast Furnace
46:45 Masonry
48:34 Two-Man Saw
48:12 Fletching
48:22 Padded Archer Armor
48:34 Light Cavalry
50:58 Hoardings
50:32 Bodkin Arrow
50:53 Leather Archer Armor
51:54 Hussar
53:14 Banking
52:50 Bracer
53:20 Ring Archer Armor
63:10 Scale Mail Armor
64:38 Chemistry
63:45 Siege Engineers
84:58 Sanctity
84:38 Devotion
85:04 Illumination
84:54 Block Printing
84:35 Herbal Medicine
85:15 Theocracy
85:01 Heresy
85:00 Chain Mail Armor
84:38 Guard Tower
84:34 Arrowslits
ToxicMellon
4:32 Loom
12:04 Feudal Age
16:50 Castle Age
16:55 Double-Bit Axe
17:11 Horse Collar
18:24 Bow Saw
18:31 Heavy Plow
23:41 Fishing Lines
24:30 Gillnets
24:52 Town Watch
25:45 Wheelbarrow
25:30 Forging
25:20 Scale Mail Armor
25:27 Scale Barding Armor
25:31 Padded Archer Armor
26:23 Gold Mining
26:24 Stone Mining
28:13 Caravan
29:11 Hand Cart
30:23 Town Patrol
34:10 Imperial Age
32:04 Ballistics
31:53 Grand Trunk Road
33:40 Leather Archer Armor
34:02 Iron Casting
33:42 Chain Mail Armor
33:33 Scale Barding Armor
34:57 Shatagni
35:18 Conscription
36:29 Chemistry
35:25 Murder Holes
35:43 Fortified Wall
36:57 Two-Man Saw
35:26 Heavy Camel Rider
36:07 Husbandry
36:17 Bloodlines
36:30 Siege Elephant
41:04 Imperial Camel Rider
45:01 Chain Barding Armor
45:42 Blast Furnace
49:50 Plate Barding Armor
49:47 Ring Archer Armor
49:07 Fletching
51:58 Masonry
51:53 Siege Engineers
52:27 Hoardings
57:10 Light Cavalry
59:57 Hussar
66:03 Gold Shaft Mining
66:04 Stone Shaft Mining
74:26 Bodkin Arrow
80:06 Bracer
avvocatore
1:25 Loom
12:14 Feudal Age
13:46 Wheelbarrow
13:02 Double-Bit Axe
13:13 Gold Mining
13:11 Town Watch
19:18 Stone Mining
21:53 Castle Age
22:49 Hand Cart
23:12 Gold Shaft Mining
22:52 Bow Saw
23:34 Town Patrol
33:43 Imperial Age
34:11 Husbandry
33:38 Pikeman
34:18 Squires
34:50 Conscription
34:57 Onager
35:02 Cavalier
36:13 Paladin
37:26 Forging
37:16 Scale Mail Armor
37:22 Scale Barding Armor
38:23 Chivalry
40:48 Iron Casting
40:34 Chain Barding Armor
48:04 Plate Barding Armor
48:32 Blast Furnace
58:26 Chain Mail Armor
58:51 Coinage
58:31 Caravan
62:23 Banking
67:08 #83
69:26 Elite Throwing Axeman
Roykso
12:02 Feudal Age
12:24 Horse Collar
13:57 Double-Bit Axe
21:48 Wheelbarrow
23:49 Stone Mining
23:50 Gold Mining
23:42 Man-at-Arms
28:08 Castle Age
27:33 Forging
27:23 Scale Mail Armor
27:29 Scale Barding Armor
27:24 Padded Archer Armor
27:33 Padded Archer Armor
27:24 Fletching
29:48 Heavy Plow
30:27 Stone Shaft Mining
30:10 Bow Saw
31:31 Coinage
31:02 Caravan
31:25 Chain Barding Armor
31:21 Chain Mail Armor
32:13 Leather Archer Armor
32:35 Iron Casting
33:05 Chain Mail Armor
33:15 Bodkin Arrow
34:45 Pikeman
35:12 Arson
35:28 Squires
34:49 Long Swordsman
36:24 Hand Cart
35:56 Town Watch
35:57 Loom
36:32 Szlachta Privileges
38:49 Town Patrol
41:27 Husbandry
41:37 Bloodlines
40:48 Light Cavalry
48:12 Imperial Age
58:12 Masonry
57:42 Treadmill Crane
58:08 Siege Engineers
57:58 Murder Holes
58:14 Careening
58:15 Fortified Wall
58:16 Clinker Construction
57:57 Guard Tower
57:53 Arrowslits
59:27 Onager
63:03 Ballistics
66:27 Capped Ram
67:40 Banking
67:57 Hoardings
66:53 Sappers
67:44 Conscription
71:20 Crop Rotation
72:01 Chemistry
73:03 Cavalier
73:07 Winged Hussar
73:30 Cavalier
75:54 Lechitic Legacy
74:59 Elite Obuch
madnessss86
1:51 Loom
21:14 Feudal Age
23:55 Double-Bit Axe
28:05 Castle Age
28:23 Forging
28:19 Scale Barding Armor
28:15 Scale Mail Armor
31:00 Caravan
31:13 Horse Collar
31:48 Bow Saw
32:13 Chain Barding Armor
32:10 Chain Mail Armor
33:57 Red Cliffs Tactics
35:32 Masonry
37:24 Husbandry
37:34 Bloodlines
37:40 Padded Archer Armor
37:31 Fletching
37:53 Heavy Plow
37:45 Gold Mining
37:47 Stone Mining
54:35 Leather Archer Armor
54:32 Pikeman
57:14 Squires
78:30 Light Cavalry
82:30 Elite Skirmisher
iFeeZ__Sigtryggr
16:02 Feudal Age
18:59 Wheelbarrow
18:22 Double-Bit Axe
25:03 Castle Age
23:07 Fishing Lines
29:25 Scale Barding Armor
29:32 Forging
29:50 Hand Cart
33:39 Bow Saw
33:31 Stone Mining
33:32 Gold Mining
34:23 Iron Casting
34:08 Chain Barding Armor
41:07 Imperial Age
42:10 Loom
43:10 Cavalier
46:41 Paladin
51:08 Gold Shaft Mining
51:17 Plate Barding Armor
53:04 Caravan
54:18 Blast Furnace
67:55 Husbandry
77:38 Elite Skirmisher
78:53 Fletching
79:05 Scale Mail Armor
79:05 Padded Archer Armor
85:36 Bodkin Arrow
85:58 Leather Archer Armor
Khirs
0:34 Loom
15:07 Feudal Age
15:37 Double-Bit Axe
15:35 Horse Collar
16:53 Wheelbarrow
16:13 Gold Mining
20:56 Stone Mining
23:29 Castle Age
22:52 Fletching
25:02 Stone Shaft Mining
24:43 Heavy Plow
26:30 Gold Shaft Mining
27:28 Fortified Wall
35:36 Imperial Age
33:01 Pikeman
34:22 Bodkin Arrow
34:34 Murder Holes
35:45 Padded Archer Armor
36:17 Bow Saw
37:29 Chemistry
37:59 Two-Man Saw
37:40 Bracer
38:26 Leather Archer Armor
38:31 Hand Cart
39:27 Ring Archer Armor
39:39 Conscription
39:49 Forging
39:56 Thumb Ring
40:27 Great Wall
40:46 Scale Mail Armor
40:10 Halberdier
42:26 Ballistics
42:33 Rocketry
43:48 Iron Casting
43:14 Capped Ram
45:00 Coinage
44:03 Elite Chu Ko Nu
44:20 Man-at-Arms
46:14 Chain Mail Armor
46:59 Blast Furnace
49:05 Plate Mail Armor
50:54 Masonry
50:30 Arrowslits
58:02 Siege Ram
68:44 Banking
69:26 Architecture
MuchJaguar3116
0:30 Loom
17:50 Feudal Age
19:24 Double-Bit Axe
19:23 Fishing Lines
23:45 Castle Age
22:22 Wheelbarrow
21:33 Town Watch
21:48 Stone Mining
21:58 Gold Mining
23:06 Horse Collar
25:00 Wheelbarrow
24:11 Town Watch
25:44 Bow Saw
25:56 Fervor
29:09 Heavy Plow
29:26 Gillnets
30:41 Caravan
33:22 Hand Cart
33:29 Masonry
33:41 Ballistics
37:27 Imperial Age
37:00 Stone Shaft Mining
36:35 Town Patrol
37:18 Gold Shaft Mining
36:51 Pikeman
37:32 Squires
37:19 Arson
37:19 Gambesons
37:36 Murder Holes
37:32 Heated Shot
38:04 Scale Barding Armor
37:59 Scale Mail Armor
38:10 Forging
37:51 Fletching
38:01 Padded Archer Armor
37:36 Halberdier
38:14 Stirrups
39:47 Crop Rotation
40:07 Thumb Ring
39:35 Elite Skirmisher
39:42 Elite Konnik
40:26 Bagains
41:01 Conscription
41:56 Parthian Tactics
41:22 Heavy Cavalry Archer
44:21 Bloodlines
44:12 Husbandry
43:33 Cavalier
43:46 Light Cavalry
47:04 Chain Barding Armor
47:00 Chain Mail Armor
47:01 Leather Archer Armor
46:42 Bodkin Arrow
47:50 Chemistry
47:21 Architecture
46:57 Siege Engineers
47:30 Iron Casting
53:22 Coinage
55:46 Capped Ram
57:35 Siege Ram
59:25 Hussar
64:35 Plate Barding Armor
64:41 Plate Mail Armor
64:12 Bracer
65:23 Blast Furnace
Connection lost

Rejoining the realm…

Still unreachable

The connection could not be restored.

Session expired

The server has moved on; the page needs a fresh start.